 Dungeon Crawl Stone Soup version 0.28.0 (webtiles) character file.

Game seed: 1035274712916836453

13694 issech the Basher (level 11, -9/98 HPs)
             Began as a Troll Monk on Feb 14, 2022.
             Was an Elder of Hepliaklqana.
             Killed from afar by a ynoxinul (13 damage)
             ... with an iron shot
             ... summoned by an orc high priest
             ... on level 1 of the Orcish Mines.
             The game lasted 00:49:53 (10051 turns).

issech the Basher (Troll Monk)                     Turns: 10051, Time: 00:49:53

Health: -9/98      AC: 10    Str: 21    XL:     11   Next: 78%
Magic:  10/10      EV: 30    Int:  6    God:    Hepliaklqana [****..]
Gold:   597        SH:  0    Dex: 22    Spells: 10/10 levels left

rFire   . . .      SeeInvis .   V - +9 morningstar "Nuriytz" {freeze, rCorr}
rCold   . . .      Faith    .   (no shield)
rNeg    . . .      Spirit   .   F - +0 troll leather armour
rPois   .          Reflect  .   (helmet restricted)
rElec   .          Harm     .   (no cloak)
rCorr   +          Rampage  .   (gloves unavailable)
Will    .....                   (boots unavailable)
Stlth   +++.......              Q - amulet of the acrobat
HPRegen 1.86/turn               m - +4 ring of protection
MPRegen 0.12/turn               M - +6 ring of dexterity

@: about to teleport, acrobatic, studying Long Blades
A: reduced essence, large, unfitting armour, claws 3, regeneration 1, shaggy fur
1, tough skin 1
a: Renounce Religion, Recall Ancestor, Ancestor Identity, Transference, Idealise


You were on level 1 of the Orcish Mines.
You worshipped Hepliaklqana.
Hepliaklqana was greatly pleased with you.
You visited 3 branches of the dungeon, and saw 11 of its levels.

You collected 727 gold pieces.
You spent 130 gold pieces at shops.

Inventory:

Hand Weapons
 a - a +3 scimitar
 j - a +0 giant spiked club
 n - a +0 flail of holy wrath
 q - a +2 dire flail of protection
 u - the +5 falchion "Cymit" {venom, SInv}
   (You took it off a wight on level 9 of the Dungeon)

   It poisons the flesh of those it strikes.
   SInv:      It lets you see invisible.
 C - a +3 hand axe of freezing
 E - the +7 sceptre of Torment {pain, torment}
   (You found it on level 9 of the Dungeon)

   In the hands of one skilled in necromantic magic, it inflicts extra damage on
   living creatures.
   It occasionally torments all nearby living foes when it strikes in combat.
 L - a +0 triple crossbow
 O - a +6 short sword of holy wrath
 U - a +0 eveningstar of protection
 V - the +9 morningstar "Nuriytz" (weapon) {freeze, rCorr}
   (You found it on level 8 of the Dungeon)

   It freezes those it strikes, dealing additional cold damage.
   It can also slow down cold-blooded creatures.
   rCorr:     It protects you from acid and corrosion.
Missiles
 c - 100 sling bullets
 d - 242 stones
 i - 11 boomerangs (quivered)
 s - 16 poisoned darts
 A - 77 bolts
 I - 8 javelins
 J - 5 throwing nets
 K - 99 arrows
 R - 2 curare-tipped darts
Armour
 f - a +2 robe of willpower
 B - a +0 robe of the Archmagi
 F - a +0 troll leather armour (worn)
 T - +0 steam dragon scales
 W - a +1 robe of the Archmagi
Magical Staves
 e - a staff of conjuration
 g - a staff of air
Jewellery
 m - a +4 ring of protection (left claw)
 M - a +6 ring of dexterity (right claw)
 P - a ring of wizardry
 Q - an amulet of the acrobat (around neck)
 X - an amulet of magic regeneration
 Y - an amulet of reflection
Wands
 p - a wand of iceblast (10)
 x - a wand of mindburst (35)
 y - a wand of acid (8)
 G - a wand of digging (9)
Scrolls
 h - 4 scrolls of magic mapping
 N - a scroll of amnesia
 S - a scroll of torment
 Z - a scroll of fear
Potions
 b - 4 potions of brilliance {unknown}
 k - 3 potions of heal wounds {unknown}
 l - 5 potions of curing
 o - 2 potions of might {unknown}
 r - a potion of ambrosia {unknown}
 t - 2 potions of flight {unknown}
 v - a potion of attraction {unknown}
 w - 2 potions of degeneration {unknown}
 z - 2 potions of mutation {unknown}
 H - 3 potions of berserk rage {unknown}


   Skills:
 + Level 7.4 Fighting
 + Level 2.5 Long Blades
 + Level 11.8 Maces & Flails
 + Level 1.0 Crossbows
 + Level 2.7 Throwing
 + Level 4.1 Armour
 + Level 7.6 Dodging
 + Level 3.2 Stealth


You had 10 spell levels left.
You didn't know any spells.
Your spell library contained the following spells:

 Spells                   Type           Power      Damage    Failure   Level
 Animate Skeleton         Necr           0%         N/A       50%         1
 Apportation              Tloc           0%         N/A       50%         1
 Freeze                   Ice            0%         1d3       50%         1
 Pain                     Necr           0%         1d4       50%         1
 Sandblast                Erth           0%         2d4       50%         1
 Summon Small Mammal      Summ           0%         N/A       50%         1
 Corpse Rot               Necr/Air       0%         N/A       65%         2
 Passwall                 Tmut/Erth      0%         N/A       65%         2
 Poisonous Vapours        Pois/Air       0%         N/A       65%         2
 Frozen Ramparts          Ice            0%         1d2       86%         3
 Stone Arrow              Conj/Erth      0%         3d7       86%         3
 Hailstorm                Conj/Ice       0%         3d3       99%         4
 Agony                    Necr           0%         N/A       100%        5
 Excruciating Wounds      Necr           0%         N/A       100%        5
 Summon Forest            Summ/Tloc      0%         N/A       100%        5
 Summon Mana Viper        Hex/Summ       0%         N/A       100%        5
 Dispersal                Tloc           0%         N/A       100%        6
 Summon Cactus Giant      Summ           0%         N/A       100%        6
 Borgnjor's Revivificati  Necr           0%         N/A       100%        8
 Disjunction              Tloc           0%         N/A       100%        8
 Necromutation            Tmut/Necr      0%         N/A       100%        8
 Death's Door             Necr           0%         N/A       100%        9


Dungeon Overview and Level Annotations

Branches:
Dungeon (9/15)             Temple (1/1) D:5             Orc (1/2) D:9
   Lair: D:8-11

Altars:
Ashenzari
Cheibriados
Dithmenos
Elyvilon
Fedhas
Gozag
Hepliaklqana
Kikubaaqudgha
Makhleb
Nemelex Xobeh
Okawaru
Qazlal
Ru
Sif Muna
Trog
Uskayaw
Vehumet
Wu Jian
Xom
Yredelemnul
Zin
The Shining One

Shops:
D:5 (


Innate Abilities, Weirdness & Mutations

Your life essence is reduced to manifest your ancestor. (-10% HP)
You are too large for most types of armour.
You have claws for hands.
Your natural rate of healing is unusually fast.
You are covered in fur. (AC +1)
You have tough skin. (AC +1)


Message History

The soul eater hits you!
The orc high priest hits you from afar with a +0 halberd.
* * * LOW HITPOINT WARNING * * *
You swap places.
Nomusa hits the soul eater but does no damage.
The soul eater hits Nomusa.
An orc warrior comes into view. It is wielding a +0 long sword.
The orc warrior shouts!
The ufetubus closely misses you. The ufetubus hits you.
Something hits Nomusa.
The ufetubus barely misses you. The ufetubus completely misses you.
You hit the ufetubus but do no damage. The ufetubus barely misses you.
The ufetubus closely misses you.
You swap places.
The ufetubus closely misses Nomusa.
The ufetubus hits Nomusa.
Nomusa barely misses the ynoxinul.
The soul eater draws from the surrounding life force!
* * * LOW HITPOINT WARNING * * *
The soul eater is healed.
The orc high priest completely misses you.
You closely miss the soul eater.
The soul eater is moderately wounded.
Nomusa barely misses the ynoxinul.
The orc high priest barely misses you. The soul eater barely misses you.
You hit the soul eater but do no damage.
The soul eater is moderately wounded.
The ynoxinul gestures at you.
The iron shot hits Nomusa!!
Nomusa is destroyed!
The soul eater hits you!
* * * LOW HITPOINT WARNING * * *
The orc high priest hits you from afar with a +0 halberd!
* * * LOW HITPOINT WARNING * * *
As you read the scroll of teleportation, it crumbles to dust.
You feel strangely unstable. The soul eater hits you.
* * * LOW HITPOINT WARNING * * *
The orc high priest hits you from afar with a +0 halberd.
* * * LOW HITPOINT WARNING * * *
Unknown command.
The ynoxinul gestures at you. The iron shot hits you!
You die...

##.. ..#...# ###
#....##.#.# ##.##
#...#....## #...# #......#
##.## ##.##)####...#
####.#.###.######
#.....##.#.##.###
##..............##
##.@.......##....#
#3.....#...###..##
.....oo#35...#...#.....##
##.....#)#...#..........#
#.....#................##
##....................##
#....o.................#
##.#..................##
###...............##.....##


You could see a soul eater (summoned), an orc high priest, a ynoxinul
(summoned), an orc warrior and an ufetubus (summoned).

Vanquished Creatures
  Harold (Orc:1)
  3 two-headed ogres
  Urug (Orc:1)
  2 ugly things (D:9)
  Grinder (D:3)
  A slime creature (D:9)
  Sigmund (D:3)
  6 yaks (D:9)
  3 water moccasins
  An acid dragon (D:9)
  A hornet zombie (D:9)
  An ice beast (D:4)
  A sky beast (D:6)
  A necrophage (D:4)
  An ogre (D:5)
  2 black bears
  6 orc warriors
  3 centaurs (D:9)
  2 phantoms
  A kobold brigand (D:7)
  A bullfrog (D:7)
  4 gnoll sergeants
  2 scorpions
  A wyvern skeleton (D:5)
  A water moccasin skeleton (D:5)
  6 killer bees
  12 wights
  A howler monkey (D:8)
  6 electric eels (D:5)
  3 crimson imps (D:8)
  A centaur zombie (D:5)
  A centaur skeleton (D:5)
  5 hounds
  A jelly (D:7)
  3 orc priests
  Ijyb (D:3)
  Jessica (D:2)
  An iguana (D:4)
  5 orc wizards
  A hound skeleton (D:4)
  A howler monkey zombie (D:8)
  11 gnolls
  8 adders
  A shadow imp (D:7)
  A white imp (D:5)
  An ufetubus (D:5)
  A worm (D:3)
  4 dart slugs
  30 orcs
  5 bats
  2 endoplasms
  2 giant cockroaches (D:1)
  4 goblins
  4 hobgoblins
  14 jackals
  4 quokkas
  9 ball pythons
  3 frilled lizards
  9 kobolds
  6 rats
216 creatures vanquished.

Vanquished Creatures (collateral kills)
  A boulder beetle (D:9)
  A two-headed ogre (D:8)
  Maggie (D:7)
  An unseen horror (D:8)
  A troll (D:9)
  A wraith (D:9)
  A wyvern (D:9)
  3 yaks (D:9)
  Duvessa (D:7)
  2 water moccasins
  2 sky beasts
  An orc warrior (Orc:1)
  A centaur (D:9)
  2 phantoms
  A kobold brigand (D:9)
  A bullfrog (D:6)
  Dowan (D:7)
  2 killer bees (D:7)
  4 wights
  A howler monkey (D:7)
  A crimson imp (D:8)
  A jelly (D:8)
  2 iguanas
  3 orc wizards
  An adder (D:6)
  4 gnolls
  A white imp (D:7)
  A dart slug (D:5)
  7 orcs
  3 training dummies (D:5)
53 creatures vanquished.

Vanquished Creatures (others)
  4 battlemagi
  An orc (Orc:1)
  7 plants (D:5)
12 creatures vanquished.

Grand Total: 281 creatures vanquished

Notes
Turn   | Place    | Note
-------+----------+-------------------------------------------
     0 | D:1      | issech the Troll Monk began the quest for the Orb.
     0 | D:1      | Reached XP level 1. HP: 22/22 MP: 0/0
    81 | D:1      | Reached XP level 2. HP: 29/29 MP: 1/1
   108 | D:1      | Reached skill level 3 in Maces & Flails
   286 | D:1      | Found a faded altar of an unknown god.
   539 | D:1      | Reached XP level 3. HP: 36/36 MP: 2/2
   956 | D:2      | Noticed Jessica
   970 | D:2      | Killed Jessica
   971 | D:2      | Reached XP level 4. HP: 26/45 MP: 3/3
  1176 | D:2      | Noticed a phantom
  1213 | D:2      | Killed a phantom
  1214 | D:2      | Reached XP level 5. HP: 17/53 MP: 4/4
  1495 | D:3      | Noticed Sigmund
  1644 | D:3      | Noticed Ijyb
  1646 | D:3      | Noticed Grinder
  1678 | D:3      | Killed Ijyb
  1679 | D:3      | Reached skill level 4 in Maces & Flails
  1693 | D:3      | Paralysed by Grinder for 7 turns
  1718 | D:3      | Killed Grinder
  1719 | D:3      | Reached XP level 6. HP: 36/61 MP: 5/5
  2123 | D:3      | Killed Sigmund
  2124 | D:3      | Reached skill level 5 in Maces & Flails
  2124 | D:3      | Reached XP level 7. HP: 36/70 MP: 6/6
  2384 | D:4      | Found a sparkling altar of Nemelex Xobeh.
  3521 | D:4      | Reached skill level 6 in Maces & Flails
  3702 | D:4      | Identified a scroll of acquirement
  3703 | D:4      | Acquired a manual of Long Blades
  3706 | D:5      | Entered Level 5 of the Dungeon
  3719 | D:4      | Reached XP level 8. HP: 73/79 MP: 7/7
  3848 | D:5      | Found an ornate altar of the Wu Jian Council.
  3848 | D:5      | Found a shimmering blue altar of Sif Muna.
  3910 | D:5      | Found an iron altar of Okawaru.
  3922 | D:5      | Reached skill level 5 in Dodging
  4041 | D:5      | Reached skill level 7 in Maces & Flails
  4292 | D:5      | Reached skill level 5 in Fighting
  4338 | D:5      | Reached skill level 1 in Throwing
  4560 | D:5      | Reached XP level 9. HP: 81/88 MP: 8/8
  4590 | D:5      | Found a staircase to the Ecumenical Temple.
  4600 | Temple   | Entered the Ecumenical Temple
  4629 | Temple   | Became a worshipper of Hepliaklqana the Forgotten
  4629 | Temple   | Reached * piety under Hepliaklqana
  4629 | Temple   | Reached ** piety under Hepliaklqana
  4630 | Temple   | Remembered your ancestor Nomusa as a battlemage
  4852 | D:5      | Found Temoemp's Firing Range.
  4892 | D:5      | Bought a +0 triple crossbow for 130 gold pieces
  5070 | D:6      | Reached skill level 1 in Armour
  5254 | D:6      | Identified the +1 leather armour of Absolutism {rF- Int+2
                  | Stlth+}
  5860 | D:6      | Reached *** piety under Hepliaklqana
  6765 | D:7      | Noticed Duvessa
  6765 | D:7      | Noticed Dowan
  6774 | D:7      | Killed Duvessa
  6777 | D:7      | Killed Dowan
  6945 | D:7      | Reached skill level 1 in Crossbows
  7035 | D:7      | Reached skill level 8 in Maces & Flails
  7087 | D:7      | Found a sacrificial altar of Ru.
  7186 | D:7      | Noticed Maggie
  7196 | D:7      | Killed Maggie
  7486 | D:7      | Reached XP level 10. HP: 75/88 MP: 9/9
  7608 | D:8      | Found a shimmering altar of Xom.
  7714 | D:8      | Reached skill level 1 in Long Blades
  7864 | D:8      | Identified the +9 morningstar "Nuriytz" {freeze, rCorr}
  8456 | D:9      | Reached **** piety under Hepliaklqana
  8526 | D:9      | Reached skill level 9 in Maces & Flails
  8536 | D:9      | Noticed a two-headed ogre
  8548 | D:9      | Killed a two-headed ogre
  8610 | D:9      | Noticed a green ugly thing
  8610 | D:9      | Noticed a two-headed ogre
  8617 | D:9      | Killed a green ugly thing
  8617 | D:9      | Noticed a two-headed ogre
  8670 | D:8      | Killed a two-headed ogre
  8671 | D:8      | Reached skill level 10 in Maces & Flails
  8674 | D:8      | Killed a two-headed ogre
  8675 | D:8      | Reached XP level 11. HP: 59/96 MP: 10/10
  8709 | D:9      | Noticed a boulder beetle
  8727 | D:9      | Noticed a two-headed ogre
  8731 | D:9      | Killed a two-headed ogre
  8767 | D:9      | Killed a boulder beetle
  8894 | D:9      | Found a staircase to the Orcish Mines.
  9020 | D:9      | Identified the +5 falchion "Cymit" {venom, SInv}
  9092 | D:9      | Reached skill level 11 in Maces & Flails
  9350 | D:9      | Found the +7 sceptre of Torment {pain, torment}
  9374 | D:9      | Noticed a cyan ugly thing
  9383 | D:9      | Killed a cyan ugly thing
  9823 | Orc:1    | Entered Level 1 of the Orcish Mines
  9823 | Orc:1    | Noticed Harold
  9832 | Orc:1    | Killed Harold
  9985 | Orc:1    | Noticed Urug
  9994 | Orc:1    | Killed Urug
 10016 | Orc:1    | Noticed an orc high priest
 10023 | Orc:1    | Noticed a sun demon
 10038 | Orc:1    | Noticed a soul eater
 10050 | Orc:1    | HP: 2/98 [orc high priest (3)]
 10051 | Orc:1    | Killed from afar by a ynoxinul

Illustrated notes

Levels and vault maps discovered:
D:1:      minmay_arrival_open_corners, layout_basic,
          nicolae_ecumenical_snake_handling, minivault_26, st_stairs_3
D:2:      layout_loops_ring, uniq_jessica
D:3:      layout_rooms, uniq_grinder, uniq_sigmund, uniq_ijyb
D:4:      layout_layer_cave, lemuel_round_altar
D:5:      cheibrodos_two_vegetables, layout_cave_pools,
          mainiacjoe_overflow_small_starburst, gammafunk_temple_overflow_pools,
          minmay_temple_entry_junction, nicolae_shop_firing_range
D:6:      layout_layer_cave
D:7:      layout_loops_corners, mainiacjoe_overflow_24_doors, uniq_duvessa,
          uniq_maggie
D:8:      layout_loops_ring, led_xom_imps
D:9:      cheibrodos_ideogram_h, layout_basic, orc_0_dummy
Temple:   eino_temple_rhombus
Orc:1:    nicolae_orc_accident_2, layout_caves, uniq_snorg, uniq_urug,
          uniq_harold

Skill      XL: |  1  2  3  4  5  6  7  8  9 10 11 |
---------------+----------------------------------+-----
Maces & Flails | 3 4 5 6 7 8 10 11 | 11.8
Fighting       | 3 4 5 6 7 |  7.4
Dodging        | 3 4 5 6 7 |  7.6
Throwing       | 2 |  2.7
Armour         | 3 4 |  4.1
Stealth        | 2 3 |  3.2
Crossbows      | 1 |  1.0
Long Blades    | 2 |  2.5

Action                   |  1- 3 |  4- 6 |  7- 9 | 10-12 || total
-------------------------+-------+-------+-------+-------++-------
Melee: Mace              |   109 |    56 |       |       ||   165
       Flail             |       |   123 |   368 |    42 ||   533
       Punch             |       |     1 |     7 |     1 ||     9
       Staff             |       |       |     9 |       ||     9
       Morningstar       |       |       |       |   175 ||   175
       Scimitar          |       |       |       |    11 ||    11
 Fire: Triple crossbow   |       |       |    11 |       ||    11
Throw: Boomerang         |       |       |    48 |       ||    48
Invok: Ancestor Life: Ba |       |       |     1 |       ||     1
       Recall Ancestor   |       |       |       |     1 ||     1
  Use: Scroll            |       |       |     4 |     6 ||    10
       Potion            |       |       |       |     1 ||     1
 Stab: Sleeping          |     1 |       |     4 |       ||     5
       Distracted        |       |       |     2 |     3 ||     5
Armor: Robe              |    60 |    62 |   105 |       ||   227
       Troll leather arm |       |       |   109 |    64 ||   173
Dodge: Dodged            |    91 |   101 |   333 |   221 ||   746
